 Dungeon Sprint DCSS version 0.28.0-43-g3370ac3207 (webtiles) character file.

Game seed: 6469391141316661787

121 boopmooplesden the Cleaver (level 4, -5/48 HPs)
             Began as a Minotaur Berserker on Mar 6, 2022.
             Was a Believer of Trog.
             Killed by divine providence
             ... invoked by an oklob sapling priest
              (13 damage)
             ... in the Dungeon (Sprint IV: "Fedhas' Mad Dash").
             The game lasted 00:00:57 (468 turns).

boopmooplesden the Cleaver (Minotaur Berserker)      Turns: 468, Time: 00:00:58

Health: -5/48      AC: -5    Str: 23    XL:     4   Next: 76%
Magic:  2/3        EV: 12    Int:  4    God:    Trog [**....]
Gold:   81         SH:  0    Dex: 10    Spells: 3/3 levels left

rFire   . . .      SeeInvis .   a - +0 hand axe
rCold   . . .      Faith    .   (no shield)
rNeg    . . .      Spirit   .   b - +0 animal skin
rPois   .          Reflect  .   (helmet restricted)
rElec   .          Harm     .   (no cloak)
rCorr   .          Rampage  .   (no gloves)
Will    .....      NoTele   +   (no boots)
Stlth   +.........              h - amulet of invisibility {+Inv}
HPRegen 0.16/turn               (no ring)
MPRegen 0.08/turn               (no ring)

@: corroded, very slightly contaminated
A: horns 2, retaliatory headbutt
a: Renounce Religion, Evoke Invisibility, Berserk, Trog's Hand


You were in the Dungeon.
You worshipped Trog.
Trog was pleased with you.
You visited 1 branch You collected 81 gold pieces.

Inventory:

Hand Weapons
 a - a +0 hand axe (weapon)
Armour
 b - a +0 animal skin (worn)
Jewellery
 h - the amulet of invisibility (around neck) {+Inv}
   (You found it in the Dungeon)

   [amulet of nothing]

   +Inv:      It lets you turn invisible.
Potions
 c - a potion of curing
 d - a potion of heal wounds
 e - a potion of haste
 f - 2 potions of magic
 g - a potion of berserk rage
 i - a potion of resistance {unknown}


   Skills:
 + Level 7.7 Fighting
 + Level 8.1 Axes
 + Level 4.3 Armour
 + Level 3.7 Dodging
 + Level 1.0 Stealth
 + Level 0.8 Evocations


You had 3 spell levels left.
You didn't know any spells.
Your spell library was empty.

Dungeon Overview and Level Annotations

Branches:
Dungeon (1/1)

Altars:
Cheibriados
Dithmenos
Elyvilon
Gozag
Hepliaklqana
Kikubaaqudgha
Makhleb
Nemelex Xobeh
Okawaru
Qazlal
Ru
Sif Muna
Trog
Uskayaw
Vehumet
Wu Jian
Xom
Yredelemnul
Zin
The Shining One
Beogh
Jiyva
Lugonu

Annotations:
D exclusion: oklob sapling


Innate Abilities, Weirdness & Mutations

You have a pair of horns on your head.
You reflexively headbutt those who attack you in melee.


Message History

The oklob sapling priest spits acid at you.
The splash of acid hits you!!
Ouch! That really hurt!
The acid corrodes you!
You catch the helpless oklob sapling priest completely off-guard!
You hit the oklob sapling priest but do no damage.
The oklob sapling priest is heavily damaged.
You hit the oklob sapling priest but do no damage.
You headbutt the oklob sapling priest, but do no damage.
The oklob sapling priest is heavily damaged.
You flicker for a moment.
You hit the oklob sapling priest but do no damage.
The oklob sapling priest is heavily damaged.
The oklob sapling priest spits acid at you.
The splash of acid hits you!!
* * * LOW HITPOINT WARNING * * *
The acid corrodes you!
You hit the oklob sapling priest.
The oklob sapling priest is heavily damaged.
You hit the oklob sapling priest but do no damage.
The oklob sapling priest is heavily damaged.
The oklob sapling priest looks braver for a moment.
You completely miss the oklob sapling priest.
You headbutt the oklob sapling priest, but do no damage.
The oklob sapling priest is heavily damaged.
You hit the oklob sapling priest.
You headbutt the oklob sapling priest, but do no damage.
The oklob sapling priest is severely damaged.
You hit the oklob sapling priest but do no damage.
You headbutt the oklob sapling priest.
The oklob sapling priest is almost destroyed.
The oklob sapling priest spits acid at you.
The splash of acid misses you.
You hit the oklob sapling priest but do no damage.
You headbutt the oklob sapling priest, but do no damage.
The oklob sapling priest is almost destroyed.
You flicker back into view.
The oklob sapling priest invokes the aid of its god against you.
Something smites you!
You die...

########################
....#.....#.⌠._._._._.⌠.
†...'.#...'.._._._._._..
....#.#...#..._.@P_._...
########'##.._._._._._..
+...#._._._._._.⌠.
#...############## #####


You could see an oklob sapling priest.

Vanquished Creatures
  A scorpion (D)
  2 oklob saplings (D)
  A river rat (D)
  A rat (D)
5 creatures vanquished.

Vanquished Creatures (others)
  5 fungi (D)
5 creatures vanquished.

Grand Total: 10 creatures vanquished

Notes
Turn   | Place    | Note
-------+----------+-------------------------------------------
     0 | D        | boopmooplesden the Minotaur Berserker began the quest for
                  | the Orb.
     0 | D        | Reached XP level 1. HP: 19/19 MP: 0/0
    18 | D        | Reached skill level 4 in Axes
    18 | D        | Reached XP level 2. HP: 19/28 MP: 1/1
    24 | D        | Noticed a scorpion
    24 | D        | Found the amulet of invisibility {+Inv}
    26 | D        | Killed a scorpion
    26 | D        | Reached ** piety under Trog
    27 | D        | Reached skill level 7 in Axes
    27 | D        | Reached XP level 3. HP: 38/38 MP: 2/2
    27 | D        | Reached XP level 4. HP: 45/45 MP: 3/3
   416 | D        | Reached skill level 8 in Axes
   416 | D        | Reached skill level 1 in Stealth
   425 | D        | Found an opulent altar of Gozag.
   425 | D        | Found a hazy altar of Hepliaklqana.
   425 | D        | Found a snail-covered altar of Cheibriados.
   436 | D        | Found a viscous altar of Jiyva.
   436 | D        | Found a burning altar of Makhleb.
   436 | D        | Found a sparkling altar of Nemelex Xobeh.
   436 | D        | Found a sacrificial altar of Ru.
   436 | D        | Found a shimmering blue altar of Sif Muna.
   436 | D        | Found a bloodstained altar of Trog.
   436 | D        | Found an ornate altar of the Wu Jian Council.
   436 | D        | Found a shimmering altar of Xom.
   436 | D        | Found a basalt altar of Yredelemnul.
   450 | D        | Found an iron altar of Okawaru.
   450 | D        | Found a shadowy altar of Dithmenos.
   450 | D        | Found a glowing silver altar of Zin.
   451 | D        | Found an ancient bone altar of Kikubaaqudgha.
   451 | D        | Found a hide-covered altar of Uskayaw.
   452 | D        | Found a stormy altar of Qazlal.
   452 | D        | Found a white marble altar of Elyvilon.
   452 | D        | Found a glowing golden altar of the Shining One.
   453 | D        | Found a corrupted altar of Lugonu.
   453 | D        | Found a radiant altar of Vehumet.
   468 | D        | Killed from afar by an oklob sapling priest

Illustrated notes

Levels and vault maps discovered:
D:        dungeon_sprint_fedhas [sprint_temple]

Skill      XL: |  1  2  3  4 |
---------------+-------------+-----
Fighting       | 4 6 7 |  7.7
Axes           | 4 7 8 |  8.1
Armour         | 3 4 |  4.3
Dodging        | 3 |  3.7
Stealth        | 1 |  1.0
Evocations     | |  0.8

Action                   |  1- 3 |  4- 6 || total
-------------------------+-------+-------++-------
Melee: Hand axe          |    11 |    19 ||    30
       Headbutt          |     2 |     7 ||     9
       Punch             |       |     1 ||     1
Invok: Berserk           |     1 |       ||     1
 Abil: Evoke Invisibilit |       |     3 ||     3
  Use: Scroll            |     1 |       ||     1
 Stab: Invisible         |       |     4 ||     4
       Sleeping          |       |     3 ||     3
Dodge: Dodged            |     6 |     2 ||     8
